 Dungeon Crawl Stone Soup version 0.31.0-12-g77e489cdc1 (webtiles) character file.

Game seed: 18252151591525152852

104 Ashen the Ruffian (level 4, -1/42 HPs)
             Began as a Troll Shapeshifter on Feb 11, 2024.
             Slain by Grinder (6 damage)
             ... on level 3 of the Dungeon.
             The game lasted 00:01:40 (1457 turns).

Ashen the Ruffian (Troll Shapeshifter)              Turns: 1457, Time: 00:01:41

Health: -1/42      AC:  4    Str: 22    XL:     4   Next: 52%
Magic:  3/3        EV: 10    Int:  6    God:
Gold:   73         SH:  0    Dex: 11    Spells: 3/3 levels left

rFire   . .          .
                       - Unarmed
rCold   . . .        (no shield)
rNeg    . . .        a - +0 animal skin
rPois   .            (helmet currently unavailable)
rElec   .            (cloak currently unavailable)
rCorr   .            (gloves unavailable)
SInv    .            (boots unavailable)
Will    .....        (no amulet)
Stlth   +            (no ring)
HPRegen 1.07/turn    (no ring)
MPRegen 0.08/turn

%: no passive effects
@: beast-form
A: beast (slay +2), large, unfitting armour, claws 3, regeneration 1, shaggy fur
1, tough skin 1
a: Begin Untransformation


You were on level 3 of the Dungeon.
You were a hulking beast.
You visited 1 branch of the dungeon, and saw 3 of its levels.

You collected 73 gold pieces.

Inventory:

Missiles
 r - a throwing net (quivered)
Armour
 a - a +0 animal skin (worn)
Jewellery
 p - a +6 ring of dexterity
Talismans
 c - a beast talisman
 d - a flux talisman
Wands
 n - a wand of acid (9)
Scrolls
 e - 3 scrolls of identify {unknown}
 f - a scroll of enchant armour {unknown}
 g - a scroll of silence {unknown}
 m - a scroll of blinking {unknown}
 o - a scroll of vulnerability {unknown}
 q - a scroll of revelation {unknown}
Potions
 b - a potion of lignification
 h - 2 potions of ambrosia {unknown}
 i - a potion of degeneration {unknown}
 j - a potion of curing {unknown}
 k - a potion of magic {unknown}
 l - a potion of invisibility {unknown}


   Skills:
 + Level 1.9 Fighting
 + Level 2.3 Dodging
 + Level 3.6 Unarmed Combat
 + Level 3.6 Shapeshifting


You had 3 spell levels left.
You didn't know any spells.
Your spell library was empty.

Dungeon Overview and Level Annotations

Branches:
Dungeon (3/15)

Altars:

Shops:
D:1 :

Annotations:
D:3 Grinder


Innate Abilities, Weirdness & Mutations

You are a hulking beast.
Your limbs bulge with bestial killing power. (Slay +2)
You are too large for most types of armour.
You have claws for hands.
Your natural rate of healing is unusually fast.
You are covered in fur. (AC +1)
You have tough skin. (AC +1)


Message History

Found a yellow potion.
Grinder hits you but does no damage.
You scratch Grinder.
Grinder is lightly wounded.
Grinder hits you!
You writhe in agony.
You scratch Grinder.
Grinder is lightly wounded.
You scratch Grinder.
Grinder is moderately wounded.
Grinder hits you.
You writhe in agony.
You scratch Grinder but do no damage.
Grinder is moderately wounded.
Grinder hits you!
You writhe in agony.
You are too injured to fight recklessly!
You are too injured to fight recklessly!
You are too injured to fight recklessly!
You are too injured to fight recklessly!
You are too injured to fight recklessly!
You are too injured to fight recklessly!
You are too injured to fight recklessly!
You are too injured to fight recklessly!
You are too injured to fight recklessly!
You are too injured to fight recklessly!
You are too injured to fight recklessly!
You are too injured to fight recklessly!
You are too injured to fight recklessly!
You are too injured to fight recklessly!
You claw Grinder!
Grinder is heavily wounded.
Grinder hits you.
* * * LOW HITPOINT WARNING * * *
You writhe in agony.
* * * LOW HITPOINT WARNING * * *
You claw Grinder!
Grinder is severely wounded.
Grinder closely misses you.
You claw Grinder!
Grinder is almost dead.
Grinder hits you.
You die...
Grinder says, "Now the real fun starts!"

........
#....#.
#....#.
#..... #.....
##.?..###
#....5#.#.###
#....h......#
#.....##!##.#
###...+
#...#####.#
#...'.....#
#...#######
#..<# #...#
#...#


You could see Grinder.

Vanquished Creatures
  4 gnolls (D:2)
  2 adders (D:2)
  2 dart slugs (D:1)
  5 ball pythons
  6 bats
  3 endoplasms
  A giant cockroach (D:2)
  6 goblins
  3 hobgoblins
  3 jackals (D:1)
  A frilled lizard (D:2)
  5 kobolds
  A rat (D:1)
42 creatures vanquished.

Notes
Turn   | Place    | Note
-------+----------+-------------------------------------------
     0 | D:1      | Ashen the Troll Shapeshifter began the quest for the Orb.
     0 | D:1      | Reached XP level 1. HP: 18/18 MP: 0/0
    88 | D:1      | Found a faded altar of an unknown god.
   140 | D:1      | Reached skill level 1 in Fighting
   157 | D:1      | Reached XP level 2. HP: 26/27 MP: 1/1
   230 | D:1      | Found Lueduj's Book Boutique.
   742 | D:2      | Reached XP level 3. HP: 33/33 MP: 2/2
  1262 | D:2      | Reached XP level 4. HP: 42/42 MP: 3/3
  1447 | D:3      | Noticed Grinder
  1457 | D:3      | Slain by Grinder

Illustrated notes

Levels and vault maps discovered:
D:1:      minmay_arrival_shoal_huts, layout_basic, serial_shops, shop,
          hellmonk_ecumenical_altar_heavens_door, minmay_pentomino_r4
D:2:      layout_basic
D:3:      layout_basic, nicolae_overflow_two_pavilions, serial_shops,
          nicolae_shop_tiny_real_fake_doors, uniq_grinder

Skill      XL: |  1  2 |
---------------+-------+-----
Fighting       | 1 |  1.9
Dodging        | 2 |  2.3
Unarmed Combat | |  3.6
Shapeshifting  | |  3.6

Action                     |  1- 3 |  4- 6 || total
---------------------------+-------+-------++-------
  Melee: Unarmed           |    78 |    17 ||    95
 Armour: Animal skin       |    48 |    11 ||    59
  Dodge: Dodged            |    38 |     7 ||    45
